 Dungeon Crawl Stone Soup version 0.18-a0-1195-g77a4f03 (webtiles) character file.

1438 kae the Martial Artist (level 8, -16/59 HPs)
             Began as a Mottled Draconian Transmuter on Jan 29, 2016.
             Was a Priest of Makhleb.
             Demolished by an ogre
             ... wielding a +0 giant club
              (19 damage)
             ... on level 6 of the Dungeon.
             The game lasted 00:11:34 (8542 turns).

kae the Martial Artist (DrTm)                       Turns: 8542, Time: 00:11:34

Health: -16/59     AC:  6    Str: 13    XL:     8   Next: 45%
Magic:  11/11      EV: 12    Int: 14    God:    Makhleb [***...]
Gold:   310        SH:  0    Dex: 13    Spells: 3 memorised, 5 levels left

rFire  . . .     SeeInvis .       - Unarmed
rCold  . . .     Gourm    .     (armour unavailable)
rNeg   . . .     Faith    .     (no shield)
rPois  .         Spirit   .     (helmet restricted)
rElec  .         Dismiss  .     (no cloak)
rCorr  .         Reflect  .     (no gloves)
SustAt +         Harm     .     (no boots)
MR     .....                    (no amulet)
Stlth  +.........               p - ring of sustain attributes
                                w - ring of wizardry

@: short of breath, not resistant to hostile enchantments, very unstealthy
A: breathe sticky flame splash, unfitting armour, cold-blooded, AC +6
a: Breathe Sticky Flame, Minor Destruction, Lesser Servant of Makhleb, Renounce
Religion


You were on level 6 of the Dungeon.
You worshipped Makhleb.
Makhleb was most pleased with you.
You were hungry.

You visited 1 branch of the dungeon, and saw 6 of its levels.

You collected 310 gold pieces.

Inventory:

Missiles
 a - 43 arrows
 r - 16 arrows of flame
Jewellery
 p - a ring of sustain attributes (right hand)
 w - a ring of wizardry (left hand)
Wands
 j - a wand of fireball (8/15)
 l - a wand of hasting (7/9)
Scrolls
 i - 4 scrolls of enchant weapon
 o - a scroll of fear
 q - 2 scrolls of teleportation
 t - a scroll of fog
Potions
 d - a potion of lignification
 e - 5 potions of heal wounds
 f - a potion of cure mutation
 g - a potion of flight
 n - a potion of magic
 s - a potion of haste
 u - 2 potions of brilliance
Books
 b - a book of Changes

   Spells                             Type                      Level
   a - Beastly Appendage              Transmutation                1
   b - Sticks to Snakes               Transmutation                2
   c - Spider Form                    Transmutation/Poison         3
   d - Ice Form                       Ice/Transmutation            4
   e - Blade Hands                    Transmutation                5
Comestibles
 c - 5 bread rations
 h - 2 meat rations
 k - a slice of pizza
 m - 3 fruits
 v - a royal jelly
 x - 6 chunks of flesh


   Skills:
 - Level 1.1 Fighting
 - Level 1.7 Dodging
 - Level 10.1 Unarmed Combat
 - Level 2.0 Spellcasting
 - Level 2.0 Transmutations
 + Level 4.2 Invocations


You had 5 spell levels left.
You knew the following spells:

 Your Spells              Type           Power        Failure   Level  Hunger
a - Beastly Appendage     Trmt           #.....       4%          1    ##.....
b - Sticks to Snakes      Trmt           #.......     7%          2    ###....
c - Spider Form           Trmt/Pois      #.........   21%         3    ####...


Dungeon Overview and Level Annotations

Branches:
Dungeon (6/15)             Temple (0/1) D:4

Altars:
Fedhas
Gozag
Makhleb
Nemelex Xobeh
Zin
Beogh

Shops:
D:2 *

Annotations:
D:4 Trivium's ghost, amateur TrMo


Innate Abilities, Weirdness & Mutations

You can spit globs of burning liquid.
You can ignite nearby creatures when you spit burning liquid.
Your weird mottled scales are hard (AC +6).
Your body does not fit into most forms of armour.
You are cold-blooded and may be slowed by cold attacks.


Message History

The ogre is heavily wounded.
The ogre completely misses you.
You barely miss the ogre. You tail-slap the ogre.
The ogre is heavily wounded.
The ogre completely misses you.
You hit the ogre.
The ogre is severely wounded.
You punch the ogre!
Your tail-slap misses the ogre.
The ogre is almost dead.
The ogre hits you with a giant club!!
* * * LOW HITPOINT WARNING * * *
You are too injured to fight recklessly!
You are too injured to fight recklessly!
You are too injured to fight recklessly!
Press: ? - help, Shift-Dir - straight line, f - ogre
Aim: an ogre, wielding a giant club (almost dead)
You spit a glob of burning liquid.
The splash of liquid fire misses the ogre.
You feel somewhat more hungry. The ogre hits you with a giant club!!
You die...

#######
##.....##
##...⌠...##
#.........#
#.8._._.8.#
#....O....#
#...@...#
##.....##
####'###
#....#
#...##
#..## #..#
#..# ##.###


You could see an ogre.

Vanquished Creatures
  The ghost of Duffy the Conjurer, an amateur DEFE (D:3)
  2 ice beasts (D:5)
  2 ogres
  A gnoll sergeant (D:5)
  A giant frog skeleton (D:6)
  A gnoll shaman (D:5)
  5 orc priests
  Jessica (D:2)
  A worker ant (D:4)
  9 orc wizards
  11 gnolls
  11 adders
  4 oozes
  3 adder skeletons
  A worm (D:3)
  6 giant geckos
  26 orcs
  8 bats
  3 giant cockroaches
  6 goblins
  10 hobgoblins
  9 jackals
  5 quokkas
  5 ball pythons
  A giant gecko skeleton (D:4)
  7 giant newts
  A jackal zombie (D:6)
  4 kobolds
  9 rats
154 creatures vanquished.

Notes
Turn   | Place    | Note
--------------------------------------------------------------
     0 | D:1      | kae the Draconian Transmuter began the quest for the Orb.
     0 | D:1      | Reached XP level 1. HP: 16/16 MP: 3/3
    74 | D:1      | Reached XP level 2. HP: 10/23 MP: 5/5
   532 | D:1      | Reached skill level 4 in Unarmed Combat
   839 | D:2      | Noticed Jessica
   845 | D:1      | Reached XP level 3. HP: 4/28 MP: 6/6
   846 | D:1      | HP: 2/42 [hobgoblin (2)]
  1312 | D:2      | Killed Jessica
  1312 | D:2      | Reached XP level 4. HP: 22/35 MP: 7/7
  1434 | D:2      | Found Zin's Purification Station.
  1437 | D:2      | Found a glowing silver altar of Zin.
  1446 | D:2      | Reached skill level 5 in Unarmed Combat
  2014 | D:2      | Found a burning altar of Makhleb.
  2014 | D:2      | Noticed a blizzard demon
  2017 | D:2      | Noticed a neqoxec
  2017 | D:2      | Noticed a neqoxec
  2019 | D:2      | Became a worshipper of Makhleb the Destroyer
  2305 | D:3      | Noticed Duffy's ghost (amateur DEFE)
  2465 | D:3      | Reached XP level 5. HP: 40/40 MP: 8/8
  2707 | D:3      | Reached skill level 6 in Unarmed Combat
  3127 | D:3      | Reached * piety under Makhleb
  3350 | D:3      | Killed Duffy's ghost
  3350 | D:3      | Reached skill level 7 in Unarmed Combat
  3350 | D:3      | Reached XP level 6. HP: 24/47 MP: 7/9
  3632 | D:3      | Found a blossoming altar of Fedhas.
  4186 | D:4      | Reached skill level 8 in Unarmed Combat
  4408 | D:4      | Reached XP level 7. HP: 46/52 MP: 10/10
  4408 | D:4      | Your scales start taking on a weird mottled colour.
  4425 | D:4      | Noticed Trivium's ghost (amateur TrMo)
  5267 | D:4      | Found a roughly hewn altar of Beogh.
  5284 | D:4      | Reached ** piety under Makhleb
  5629 | D:4      | Found a staircase to the Ecumenical Temple.
  6347 | D:4      | Reached skill level 9 in Unarmed Combat
  6699 | D:5      | Entered Level 5 of the Dungeon
  7324 | D:5      | Reached XP level 8. HP: 52/59 MP: 11/11
  7356 | D:5      | Reached skill level 10 in Unarmed Combat
  7564 | D:5      | Reached skill level 1 in Invocations
  7565 | D:5      | Reached *** piety under Makhleb
  8147 | D:3      | Learned a level 2 spell: Sticks to Snakes
  8151 | D:3      | Learned a level 3 spell: Spider Form
  8526 | D:6      | Found an opulent altar of Gozag.
  8526 | D:6      | Found a sparkling altar of Nemelex Xobeh.
  8542 | D:6      | Demolished by an ogre

Vault maps used:
D:1:      mrwooster_arrival_statue_2
D:2:      zin_purify, makhleb_altar_promises_db, uniq_jessica
D:3:      minmay_door_path, marbit_many_paths, supply_closet_lemuel
D:4:      minmay_temple_entry_grid, st_stairs_13, kennysheep_orc_chapel
D:5:      first_bread
D:6:      grunt_temple_overflow_opulence, serial_shops, nicolae_shop_crystal,
          serial_co_window_serial, co_window_paths_a, co_window_corner_a,
          co_window_corner_a, co_window_paths_b, co_window_of_opportunity_a,
          co_window_corner_a, co_window_paths_a, co_window_broadway_a,
          co_window_paths_c, co_window_cross_2, co_window_unsneaky_path_e,
          co_window_4corner_a, glass_columns_c, glass_columns_a,
          glass_columns_a, glass_columns_a, uniq_grinder

Action                   |  1- 3 |  4- 6 |  7- 9 || total
-------------------------+-------+-------+-------++-------
Melee: Unarmed           |   106 |   295 |   293 ||   694
 Cast: Beastly Appendage |     5 |     9 |    15 ||    29
 Abil: Breathe Sticky Fl |       |       |    17 ||    17
  Use: Potion            |     1 |       |       ||     1
       Scroll            |       |    11 |     3 ||    14
 Stab: Sleeping          |       |     1 |     1 ||     2
  Eat: Chunk             |     1 |    11 |    13 ||    25
       Fruit             |       |       |     3 ||     3
